 Dungeon Crawl Stone Soup version 0.25.0-9-g26727b657a (webtiles) character file.

Game seed: 5421675400643090787

13076 HungrySpirit the Fighter (level 12, -3/84 HPs)
             Began as an Octopode Venom Mage on June 16, 2020.
             Was a Priest of Vehumet.
             Slain by a water moccasin (9 damage)
             ... on level 2 of the Lair of Beasts.
             The game lasted 00:35:23 (17855 turns).

HungrySpirit the Fighter (Octopode Venom Mage)     Turns: 17855, Time: 00:35:24

Health: -3/84      AC:  1    Str:  7    XL:     12   Next: 2%
Magic:  23/23      EV: 15    Int: 22    God:    Vehumet [***...]
Gold:   341        SH:  0    Dex: 13    Spells: 8/26 levels left

rFire    . . .     SeeInvis +   q - +2 dagger (venom)
rCold    . . .     Gourm    .   (no shield)
rNeg     . . .     Faith    .   (helmet restricted)
rPois    .         Spirit   .   (no amulet)
rElec    .         Reflect  .   m - ring of resist corrosion
rCorr    +         Harm     .   F - ring of Cheibriados's Outrage {SInv Stlth+}
MR       .....                  (no ring)
Stlth    +++++.....             (no ring)
HPRegen  0.24/turn              (no ring)
MPRegen  0.18/turn              (no ring)
                                (no ring)
                                (no ring)

@: mighty, lethally poisoned (-3 -> -4)
A: almost no armour, stealthy swim, amphibious, 8 rings, constrict 8, camouflage
1, gelatinous body 1
a: Renounce Religion


You were on level 2 of the Lair of Beasts.
You worshipped Vehumet.
Vehumet was most pleased with you.
You were not hungry.

You visited 3 branches of the dungeon, and saw 14 of its levels.

You collected 506 gold pieces.
You spent 165 gold pieces at shops.

Inventory:

Hand Weapons
 q - a +2 dagger of venom (weapon)
Armour
 f - a +0 kite shield
Jewellery
 m - a ring of resist corrosion (left tentacle)
 n - an uncursed ring of fire
 F - the ring of Cheibriados's Outrage (right tentacle) {SInv Stlth+}
   (You found it on level 1 of the Lair of Beasts)

   [ring of see invisible]

   It lets you see invisible.
   It makes you more stealthy.
Wands
 o - a wand of polymorph (29)
 B - a wand of enslavement (17)
Scrolls
 c - 9 scrolls of remove curse {unknown}
 d - 10 scrolls of identify
 g - 5 scrolls of blinking {unknown}
 j - 3 scrolls of amnesia {unknown}
 k - 2 scrolls of fear {unknown}
 l - 7 scrolls of teleportation
 p - 5 scrolls of immolation {unknown}
 t - 2 scrolls of enchant armour {unknown}
 u - 2 scrolls of noise {unknown}
 x - 4 scrolls of random uselessness {unknown}
 y - 2 scrolls of enchant weapon {unknown}
 z - a scroll of fog {unknown}
 C - a scroll of brand weapon {unknown}
 G - a scroll of magic mapping {unknown}
Potions
 h - 3 potions of invisibility
 i - 2 potions of flight
 r - 2 potions of stabbing
 D - a potion of brilliance
Comestibles
 b - 26 rations
 A - 5 chunks of flesh


   Skills:
 + Level 8.7 Fighting
 + Level 5.7 Short Blades
 + Level 4.4 Dodging
 + Level 6.6 Stealth
 + Level 7.5 Spellcasting
 - Level 7.2 Conjurations
 * Level 2.8 Transmutations
 + Level 7.4 Fire Magic
 + Level 1.1 Earth Magic
 - Level 8.0 Poison Magic


You had 8 spell levels left.
You knew the following spells:

 Your Spells              Type           Power        Failure   Level  Hunger
a - Sting                 Tmut/Pois      ####         1%          1    None
b - Olgreb's Toxic Radia  Pois           #####...     1%          4    ###....
c - Ignite Poison         Fire/Tmut/Pois #####...     1%          3    None
d - Mephitic Cloud        Conj/Pois/Air  ####....     1%          3    None
e - Foxfire               Conj/Fire      ####         1%          1    None
f - Statue Form           Tmut/Erth      ###......    99%         6    ######.

Your spell library contained the following spells:

 Spells                   Type           Power        Failure   Level  Hunger
 Inner Flame              Hex/Fire       ###.....     1%          3    None
 Poisonous Vapours        Pois/Air       ####..       2%          2    None
 Irradiate                Conj/Tmut      ####......   7%          5    #####..
 Hydra Form               Tmut           ###.......   98%         6    ######.
 Dragon Form              Tmut           ###.......   100%        7    #######


Dungeon Overview and Level Annotations

Branches:
Dungeon (11/15)            Temple (1/1) D:7            Lair (2/6) D:8
    Orc (0/2) D:10
  Swamp: Lair:2-4    Shoals: Lair:2-4     Snake: Lair:2-4    Spider: Lair:2-4

Altars:
Cheibriados
Hepliaklqana
Nemelex Xobeh
Okawaru
Qazlal
Trog
Uskayaw
Vehumet
Xom
Yredelemnul

Shops:
D:6 !

Annotations:
D:3 2 runed translucent doors, Kono's ghost, amateur FoAK
D:4 2 transporters


Innate Abilities, Weirdness & Mutations

You cannot wear most types of armour.
You are very stealthy in the water. (Stealth+)
You are amphibious.
You can wear up to eight rings at the same time.
You can use your tentacles to constrict eight enemies at once.
Your skin changes colour to match your surroundings (Stealth+).
Your rubbery body absorbs attacks. (AC +1, EV +1)


Message History

The puff of flame hits the water moccasin.
The water moccasin is severely wounded.
The water moccasin closely misses you.
Evoke which item? (* to show all) (? for menu, Esc to quit)
Aiming: Throw Flame
Press: ? - help, Shift-Dir - straight line, f/p - water moccasin
Aim: a water moccasin (severely wounded)
The puff of flame hits the water moccasin!
The water moccasin is almost dead.
The now-empty wand crumbles to dust.
The water moccasin bites you.
* * * LOW HITPOINT WARNING * * *
Evoke which item? (* to show all) (? for menu, Esc to quit)
Okay, then.
You feel very mighty all of a sudden. The water moccasin misses you.
The water moccasin bites you.
* * * LOW HITPOINT WARNING * * *
You closely miss the water moccasin. Your grab misses the water moccasin.
The water moccasin is almost dead.
The water moccasin bites you!
You die...

## ###.# .#.##############
......#.##.#.##.#
.........[......# ### #####
................#######P###P#.##
...............S@..............#
.......###.#..#......<.........##
.......# ####...P#####...P#......
.......# ###...####....#......
.......# ###..##P...###.....
.......## #.####....#......
........# #..##....###..#..
.......## ##..###...# ##.#..
.......# #..P##....# ##.##.


You could see a water moccasin.

Vanquished Creatures
  Harold (D:7)
  A two-headed ogre (D:10)
  An unseen horror (D:9)
  Pikel (D:7)
  A spiny frog (Lair:2)
  A komodo dragon (Lair:1)
  A troll (D:9)
  2 hornets (D:10)
  Prince Ribbit (D:9)
  A hippogriff (D:10)
  A basilisk (Lair:1)
  A human (D:10)
  8 yaks
  2 hogs (D:10)
  Grum (D:9)
  A hungry ghost (D:8)
  3 wargs (D:8)
  Duvessa (D:7)
  4 water moccasins
  4 orc warriors (D:10)
  3 sky beasts
  4 slaves (D:7)
  3 ice beasts
  2 phantoms (D:9)
  A black bear (D:8)
  A necrophage (D:7)
  3 ogres
  4 wolves (D:9)
  6 centaurs
  6 crocodiles
  A big kobold (D:7)
  10 bullfrogs
  An elf skeleton (D:7)
  2 elf zombies (D:7)
  Dowan (D:7)
  A wyvern zombie (D:9)
  3 scorpions
  A water moccasin skeleton (D:5)
  3 killer bees (D:8)
  8 wights
  3 howler monkeys (D:9)
  4 crimson imps
  A quasit (D:6)
  3 centaur zombies
  3 human zombies (D:7)
  7 orc priests
  3 centaur skeletons
  3 bullfrog skeletons
  6 hounds
  A jelly (D:10)
  A human skeleton (D:7)
  4 iguanas
  8 orc wizards
  10 worker ants
  2 killer bee zombies
  2 mummies (D:7)
  A howler monkey zombie (D:5)
  A worker ant zombie (D:5)
  Robin (D:2)
  7 adders
  An ooze (D:5)
  An adder skeleton (D:5)
  An adder zombie (D:9)
  2 worms
  4 dart slugs
  5 leopard geckos
  42 orcs
  3 ball pythons
  5 giant cockroaches
  13 goblins
  8 hobgoblins
  10 jackals
  3 quokkas
  A ball python skeleton (D:4)
  14 bats
  17 frilled lizards
  A jackal zombie (D:7)
  12 kobolds
  An orc skeleton (D:7)
  3 quokka skeletons
  3 quokka zombies
  3 rats
325 creatures vanquished.

Vanquished Creatures (others)
  A wight (D:9)
  45 foxfires (D:9)
46 creatures vanquished.

Grand Total: 371 creatures vanquished

Notes
Turn   | Place    | Note
-------+----------+-------------------------------------------
     0 | D:1      | HungrySpirit the Octopode Venom Mage began the quest for
                  | the Orb.
     0 | D:1      | Reached XP level 1. HP: 11/11 MP: 3/3
   212 | D:1      | Reached XP level 2. HP: 15/18 MP: 3/5
   756 | D:1      | Reached skill level 1 in Fighting
   756 | D:1      | Reached XP level 3. HP: 21/23 MP: 6/6
  1097 | D:2      | Noticed Robin
  1748 | D:2      | Killed Robin
  1748 | D:2      | Reached XP level 4. HP: 28/28 MP: 3/7
  1917 | D:2      | Reached skill level 1 in Short Blades
  2468 | D:3      | Found a large runed translucent door.
  2470 | D:3      | Found a large runed translucent door.
  2472 | D:3      | Noticed Kono's ghost (amateur FoAK)
  2606 | D:3      | Reached XP level 5. HP: 28/34 MP: 5/8
  2688 | D:3      | Reached skill level 5 in Poison Magic
  3125 | D:3      | Found a shimmering altar of Xom.
  3299 | D:3      | Learned a level 3 spell: Ignite Poison
  3304 | D:3      | Learned a level 4 spell: Olgreb's Toxic Radiance
  3516 | D:4      | Reached XP level 6. HP: 24/39 MP: 7/10
  3760 | D:4      | Found a transporter.
  3786 | D:4      | Reached skill level 1 in Fire Magic
  4268 | D:4      | Found a transporter.
  4318 | D:4      | Noticed a phantom
  5074 | D:5      | Entered Level 5 of the Dungeon
  5113 | D:5      | Learned a level 3 spell: Mephitic Cloud
  5155 | D:5      | Reached XP level 7. HP: 44/45 MP: 11/11
  6122 | D:5      | Reached XP level 8. HP: 42/52 MP: 13/13
  7790 | D:6      | Found a hazy altar of Hepliaklqana.
  7909 | D:6      | Found Keorif's Distillery.
  7917 | D:6      | Bought a potion of curing for 45 gold pieces
  7917 | D:6      | Bought a potion of heal wounds for 75 gold pieces
  7917 | D:6      | Bought a potion of lignification for 45 gold pieces
  8098 | D:6      | Reached skill level 1 in Conjurations
  8530 | D:6      | Reached XP level 9. HP: 59/59 MP: 5/15
  9161 | D:7      | Noticed Harold
  9164 | D:7      | Noticed Pikel
  9179 | D:7      | Killed Harold
  9179 | D:7      | Reached skill level 5 in Stealth
  9179 | D:7      | Reached skill level 5 in Spellcasting
  9180 | D:7      | Killed Pikel
  9622 | D:7      | Reached XP level 10. HP: 57/69 MP: 16/18
  9762 | D:7      | Found a basalt altar of Yredelemnul.
 10056 | D:7      | Reached skill level 5 in Conjurations
 10056 | D:7      | Reached skill level 5 in Fire Magic
 10965 | D:7      | Noticed Dowan
 10968 | D:7      | Noticed Duvessa
 10983 | D:7      | Killed Duvessa
 10983 | D:7      | Killed Dowan
 11050 | D:7      | Found a staircase to the Ecumenical Temple.
 11177 | Temple   | Entered the Ecumenical Temple
 11197 | Temple   | Became a worshipper of Vehumet
 11274 | D:8      | You fall into a shaft and drop 1 floor!
 11524 | D:8      | Found a shimmering altar of Xom.
 11921 | D:8      | Found a staircase to the Lair.
 12042 | D:8      | Reached * piety under Vehumet
 12042 | D:8      | Offered knowledge of Foxfire by Vehumet.
 13347 | D:9      | Learned a level 1 spell: Foxfire
 13776 | D:9      | Found a stormy altar of Qazlal.
 13817 | D:9      | Noticed Grum
 13818 | D:9      | Noticed Prince Ribbit
 13820 | D:9      | Killed Grum
 13823 | D:9      | Reached XP level 11. HP: 77/77 MP: 2/21
 13830 | D:9      | Killed Prince Ribbit
 14580 | D:9      | Killed an unseen horror
 15200 | D:10     | Entered Level 10 of the Dungeon
 15209 | D:10     | Offered knowledge of Shock by Vehumet.
 15325 | D:10     | Reached ** piety under Vehumet
 15525 | D:10     | Found a staircase to the Orcish Mines.
 15529 | D:10     | Reached skill level 5 in Short Blades
 15728 | D:10     | Noticed a two-headed ogre
 15733 | D:10     | Killed a two-headed ogre
 15888 | D:10     | Offered knowledge of Inner Flame by Vehumet.
 16144 | D:11     | Noticed a centaur warrior
 16387 | Lair:1   | Entered Level 1 of the Lair of Beasts
 16400 | Lair:1   | Reached *** piety under Vehumet
 16713 | Lair:1   | Learned a level 6 spell: Statue Form
 16826 | Lair:1   | Got a steaming lapis lazuli ring
 16865 | Lair:1   | Identified the ring of Cheibriados's Outrage {SInv Stlth+}
                  | (You found it on level 1 of the Lair of Beasts)
 17511 | Lair:2   | Noticed a seven-headed hydra
 17607 | Lair:2   | Reached skill level 1 in Earth Magic
 17786 | Lair:2   | Reached XP level 12. HP: 19/84 MP: 23/23
 17855 | Lair:2   | Slain by a water moccasin

Illustrated notes

Levels and vault maps discovered:
D:1:      kilobyte_arrival_exit_the_forest, layout_basic
D:2:      layout_rooms, first_ration, chequers_serial_rivers_micro_a, uniq_robin
D:3:      layout_loops_ring, nicolae_overflow_hidden_temple,
          ebering_ghost_disaster_area, minmay_lizard_king
D:4:      gammafunk_cloud_chamber, layout_basic, st_stairs_6,
          kennysheep_generic_room_5
D:5:      layout_layer_cave
D:6:      layout_loops_ring, old_standard_altar, serial_shops, shop
D:7:      layout_loops_ring, minmay_temple_entry_overgrown,
          lemuel_mausoleum_altar_yredelemnul, uniq_harold, uniq_pikel,
          uniq_duvessa
D:8:      layout_basic, erik_lair_orcish_takeover, basic_altar
D:9:      layout_cave_pods, nicolae_qazlal_eye_of_the_storm,
          uniq_prince_ribbit1, uniq_grum
D:10:     layout_rooms, david_orc_2, grunt_livestock, minmay_misc_feat_tower
D:11:     layout_loops_ring, basic_altar, minivault_10
Temple:   regret_index_temple_chain_breaker
Lair:1:   layout_long_grid, serial_forest, infiniplex_forest_clump_tiny,
          infiniplex_forest_fountain, infiniplex_forest_clump_diagonal,
          infiniplex_forest_clump_medium, infiniplex_forest_clump_large,
          infiniplex_forest_lined_3_way, infiniplex_forest_pool,
          wad_woods_road_02
Lair:2:   layout_gridlike, chequers_serial_rivers_marsh

Skill      XL: |  1  2  3  4  5  6  7  8  9 10 11 |
---------------+----------------------------------+-----
Poison Magic   | 4 5 6 7 8 |  8.0
Fighting       | 1 2 3 4 6 7 8 |  8.7
Short Blades   | 1 2 3 4 5 |  5.7
Transmutations | 2 |  2.8
Spellcasting   | 3 4 5 6 7 |  7.5
Fire Magic     | 1 2 3 4 6 7 |  7.4
Conjurations   | 1 4 6 7 |  7.2
Stealth        | 3 5 6 |  6.6
Dodging        | 4 |  4.4
Earth Magic    | 1 |  1.1

Action                   |  1- 3 |  4- 6 |  7- 9 | 10-12 || total
-------------------------+-------+-------+-------+-------++-------
Melee: Unarmed           |    13 |       |       |       ||    13
       Constrict         |    14 |    30 |    30 |    41 ||   115
       Tentacles         |     6 |    13 |    29 |    56 ||   104
       Short sword       |    30 |   102 |       |       ||   132
       Dagger            |       |    31 |   160 |   290 ||   481
 Cast: Sting             |    32 |    63 |    20 |     8 ||   123
       Ignite Poison     |       |       |    14 |    26 ||    40
       Mephitic Cloud    |       |       |     7 |     7 ||    14
       Olgreb's Toxic Ra |       |       |     7 |    43 ||    50
       Foxfire           |       |       |       |    26 ||    26
Evoke: Wand              |       |       |       |    28 ||    28
  Use: Potion            |       |       |     4 |    12 ||    16
       Scroll            |       |       |       |     5 ||     5
 Stab: Sleeping          |     2 |     9 |    10 |    17 ||    38
       Distracted        |       |       |       |     2 ||     2
  Eat: Chunk             |     3 |     7 |    10 |    20 ||    40
       Ration            |       |     1 |     2 |     3 ||     6
Armor: Skin              |     6 |    17 |    26 |     7 ||    56
Dodge: Dodged            |    46 |    86 |    79 |   157 ||   368
